 Dungeon Crawl Stone Soup version 0.16.0-12-g7215832 (webtiles) character file.

105 HungrySpirit the Sneak (level 4, -8/23 HPs)
             Began as a Vine Stalker Assassin on Mar 18, 2015.
             Killed by divine providence
             ... invoked by an orc priest
              (12 damage)
             ... on level 3 of the Dungeon.
             The game lasted 00:03:48 (1883 turns).

HungrySpirit the Sneak (Vine Stalker Assassin)      Turns: 1883, Time: 00:03:48

Health: -8/23      AC:  4    Str: 13    XL:     4   Next: 81%
Magic:  0/5        EV: 12    Int: 11    God:
Gold:   117        SH:  0    Dex: 17    Spells: 0 memorised, 3 levels left

rFire  . . .     SeeInvis .     v - +1 long sword (slice)
rCold  . . .     Clarity  .     k - +0 leather armour
rNeg   . . .     SustAb   .     (no shield)
rPois  +         Gourm    .     (no helmet)
rElec  .         Spirit   +     d - +0 cloak
rCorr  .         Warding  .     (no gloves)
rMut   .         Stasis   .     (no boots)
MR     .....                    (no amulet)
Stlth  +++.......               (no ring)
                                r - ring of poison resistance

@: not resistant to hostile enchantments, fairly stealthy
A: fangs 2, regeneration 1, magic shield, antimagic bite, no device heal 3, rot
immunity
a: no special abilities


You were on level 3 of the Dungeon.
You were not hungry.

You visited 1 branch of the dungeon, and saw 3 of its levels.

You collected 117 gold pieces.

Inventory:

Hand weapons
 a - a +2 dagger
 b - a +0 blowgun
 v - a +1 long sword of slicing (weapon)
Missiles
 e - 8 poisoned needles
 f - 4 curare-tipped needles
Armour
 d - a +0 cloak (worn)
 k - a +0 leather armour (worn)
Jewellery
 r - a ring of poison resistance (left hand)
Scrolls
 h - a scroll of magic mapping {unknown}
 i - 2 scrolls of identify {unknown}
 j - 3 scrolls of enchant armour {unknown}
 l - 3 scrolls of amnesia {unknown}
 m - a scroll of fog {unknown}
 o - 2 scrolls of remove curse {unknown}
 q - a scroll of teleportation {unknown}
Potions
 n - 2 potions of cancellation {unknown}
 p - 2 potions of invisibility {unknown}
 s - 2 potions of curing {unknown}
 t - a potion of heal wounds {unknown}
 u - a potion of flight {unknown}
Comestibles
 c - 2 meat rations
 g - 3 bread rations


   Skills:
 + Level 2.5 Fighting
 - Level 3.0 Short Blades
 * Level 0.1(1.7) Long Blades
 - Level 1.7 Throwing
 + Level 1.5 Dodging
 + Level 5.5 Stealth


You had 3 spell levels left.
You didn't know any spells.

Dungeon Overview and Level Annotations

Branches:
Dungeon (3/15)

Altars:
Fedhas
Kikubaaqudgha
Qazlal
Vehumet


Innate Abilities, Weirdness & Mutations

You have extremely sharp teeth.
Your natural rate of healing is unusually fast.
When hurt, damage is shared between your health and your magic reserves.
Your bite disrupts and absorbs the magic of your enemies.
Potions and wands cannot restore your health.
You are immune to rotting.


Message History

Found a dagger.
An orc is nearby!
An orc is nearby!
An orc is nearby!
An orc is nearby! 2 orcs and an orc priest come into view.
The orc shouts!
The orc priest shouts!
An adder and a worker ant come into view.
An orc comes into view. It is wielding a club.
The orc priest mumbles some strange prayers to Beogh against you.
Pain shoots through your body!
The orc priest invokes the aid of Beogh against you.
Something smites you!
* * * LOW HITPOINT WARNING * * *
Unknown command.
The orc shouts! x2
The orc priest invokes the aid of Beogh against you.
Something smites you!
Ouch! That really hurt!
You die...

#.# ##...######.#
#.# #...........#
#.# #.....#######
#.# #....## .
#....# #....####
#.......#########
#................
#...###.@.o...)..#
....##
##...a.....# .#..
##..o...... #..
#....o... .
#.....o..
...o..... #.S.....
####.#. .#


You could see a worker ant, an orc priest, an adder (wandering) and 4 orcs.

Vanquished Creatures
  2 gnolls (D:2)
  2 adders (D:3)
  A giant mite (D:3)
  5 giant geckos
  10 goblins
  5 hobgoblins
  4 jackals
  6 bats
  2 giant cockroaches (D:2)
  2 giant newts
  7 kobolds
  2 quokkas (D:2)
  8 rats
56 creatures vanquished.

Notes
Turn   | Place    | Note
--------------------------------------------------------------
     0 | D:1      | HungrySpirit, the Vine Stalker Assassin, began the quest for the Orb.
     0 | D:1      | Reached XP level 1. HP: 11/11 MP: 1/1
    37 | D:1      | Found a radiant altar of Vehumet.
   145 | D:1      | Reached skill level 5 in Stealth
   153 | D:1      | Reached XP level 2. HP: 15/15 MP: 3/3
   253 | D:1      | Reached skill level 1 in Dodging
   606 | D:2      | Reached XP level 3. HP: 18/18 MP: 4/4
  1366 | D:2      | Reached XP level 4. HP: 18/23 MP: 5/5
  1594 | D:3      | Found a blossoming altar of Fedhas.
  1595 | D:3      | Found an ancient bone altar of Kikubaaqudgha.
  1811 | D:3      | Found a stormy altar of Qazlal.
  1883 | D:3      | Killed from afar by an orc priest

Action                   |  1- 3 |  4- 6 || total
-------------------------+-------+-------++-------
Melee: Dagger            |    74 |    42 ||   116
       Long sword        |       |     3 ||     3
 Stab: Sleeping          |     5 |     2 ||     7
       Distracted        |     1 |       ||     1
  Eat: Chunk             |     1 |     2 ||     3
